[Event "*** Titled Tuesday Blitz"]
[Site "Chess.com"]
[Date "2020.05.19"]
[Round "9"]
[White "RaunakSadhwani2005"]
[Black "BakaPG"]
[Result "1-0"]
[WhiteElo "2802"]
[BlackElo "2616"]
[TimeControl "180+1"]
[EndTime "13:48:56 PDT"]
[Termination "RaunakSadhwani2005 won on time"]

1. e4 e6 2. Nc3 d5 3. d4 Nf6 4. e5 Nfd7 5. f4 c5 6. Nf3 Nc6 7. Be3 cxd4 8. Nxd4 Bc5 9. Qd2 O-O 10. O-O-O a6 11.
Qf2 Nxd4 12. Bxd4 Bxd4 13. Qxd4 b5 14. Bd3 Qb6 15. Qxb6 Nxb6 16. Ne2 b4 17. Nd4 a5 18.
g4 Ba6 19. Bxa6 Rxa6 20. Rhe1 Rc8 21. Kb1 Nd7 22. f5 a4 23. Re3 Nc5 24. a3 Rb6 25. axb4 Rxb4 26. Rc3 Rc4 27. Rxc4 dxc4 28. Nc6 Kf8 29.
Nb4 h5 30. fxe6 Nxe6 31. gxh5 c3 32. bxc3 Rxc3 33. Rd6 Rh3 34. Ra6 Rxh5 35. Nd5 g5 36. Nf6 Rh4 37. Ra8+ Kg7 38. Rg8+ Kh6 39. h3 Rb4+ 40. Ka2 Rc4 41. Kb2 Nd4 42. c3 Nb5 43. Nd5 Rc5 44. Rd8 Kh5 45. Ne7 Kh4 46. Rh8+ Kg3 47.
Nf5+ Kf4 48. Nh6 a3+ 49. Ka2 Rxc3 50. Nxf7 Rc2+ 51. Kb3 Rb2+ 52. Kc4 a2 53. Ra8 Kf5 54. Ra5 Nc7 55. Nd6+ Ke6 56. Ne4 Rg2 57. Nc3 Rg3 58. Nxa2 Rxh3 59. Nc3 Rh4+ 60. Kd3 Rh3+ 61. Kd4 Rh4+ 62.
Ne4 Kd7 63. Kd3 g4 64. Nf6+ Kc6 65. Ke4 g3+ 66. Kf3 g2 67. Kxg2 Nb5 68. Ra6+ Kb7 69. Ra5 Nc7 70. Kg3 Kb6 71. Ra1 Rh8 72. Rb1+ Kc5 73.
Rc1+ Kb6 74. Kf4 Ne6+ 75. Kf5 Nd4+ 76. Ke4 Ne6 77. Kd5 Nf4+ 78. Kd6 Rd8+ 79. Nd7+ Rxd7+ 80. Kxd7 Nd3 81. Rb1+ Kc5 82. e6 Ne5+ 83. Kc7 Kd5 84. e7 1-0

[Event "*** Titled Tuesday Blitz"]
[Site "Chess.com"]
[Date "2020.05.19"]
[Round "9"]
[White "swayamsm"]
[Black "AttilaTurzo"]
[Result "1/2-1/2"]
[WhiteElo "2639"]
[BlackElo "2495"]
[TimeControl "180+1"]
[EndTime "13:48:56 PDT"]
[Termination "Game drawn by repetition"]

1. d4 Nf6 2. Nf3 e6 3. Bf4 c5 4. e3 b6 5. Nbd2 Bb7 6. Bd3 Be7 7. O-O O-O 8. h3 cxd4 9. exd4 d6 10. a4 a6 11. a5 b5 12. c4 bxc4 13. Nxc4 Nd5 14. Bh2 Nc6 15. Qb3 Rb8 16. Nb6 Nxb6 17. axb6 Bc8 18.
Bxa6 Rxb6 19. Bb5 Bd7 20. Qa4 Nb8 21. Bxd7 Nxd7 22. b4 Nf6 23. Rfb1 Nd5 24. Rb3 Qe8 25. Qxe8 Rxe8 26. b5 Reb8 27. Nd2 Nc7 28. Ra7 Bd8 29.
Nc4 Rxb5 30. Rxb5 Nxb5 31. Rd7 Nxd4 32. Bxd6 Ra8 33. Ne5 Nf5 34. Nxf7 Bf6 35. Be5 Rf8 36. Bxf6 Rxf7 37. Rd8+ Rf8 38. Rxf8+ Kxf8 39. Be5 Kf7 40. g4 Nh4 41. Bg3 Nf3+ 42. Kg2 Nd2 43. Bf4 Nc4 44. Kf3 g6 45. Ke4 Nb6 46. Ke5 Nd5 47. Bg5 Nb4 48. Kd4 Nc6+ 49. Ke4 Nb4 50. Bf4 Nd5 51.
Bd6 Nf6+ 52. Kd4 Nd7 53. Bc7 Nf6 54. Be5 Nd5 55. Kc5 Ke7 56. Bd6+ Kf6 57. Kd4 Kf7 58. Ke4 Nf6+ 59. Kf4 g5+ 60. Ke5 Nd7+ 61. Kd4 Nf6 62. Be5 Nd7 63. Bc7 Nf6 64. Bd6 Nd7 65. Bb4 Nf6 66.
Bd2 h6 67. Ke5 Nd7+ 68. Kd6 Nf6 69. f3 Ne8+ 70. Ke5 Nf6 71. Be3 Nd7+ 72. Kd6 Nf6 73.
Bd4 Nd5 74. Be5 Ne3 75. Bd4 Nc4+ 76. Kc5 Nd2 77. Bf2 Nxf3 78. Kc4 Ne5+ 79. Kd4 Ng6 80. Ke4 Nf4 81. h4 Kf6 82. Bd4+ Kg6 83. h5+ Kf7 84. Be3 Nd5 85. Bd4 Nf6+ 86. Kf3 Ke7 87.
Bc5+ Kf7 88. Bd4 Nd7 89. Ke4 Nf6+ 90. Kf3 1/2-1/2

[Event "*** Titled Tuesday Blitz"]
[Site "Chess.com"]
[Date "2020.05.19"]
[Round "9"]
[White "Fusikk"]
[Black "ElGasanov"]
[Result "0-1"]
[WhiteElo "2590"]
[BlackElo "2755"]
[TimeControl "180+1"]
[EndTime "13:48:58 PDT"]
[Termination "ElGasanov won by resignation"]

1. d4 d6 2. c4 e5 3. d5 Nf6 4. Nc3 Bf5 5. f3 e4 6. Qd4 c5 7. Qe3 Qe7 8. g4 Bg6 9. g5 Nfd7 10. f4 Na6 11. a3 h6 12. Nh3 Bf5 13. Bg2 hxg5 14.
Nxg5 Nf6 15. Ngxe4 O-O-O 16. Ng3 Qd7 17. Nxf5 Qxf5 18.
Qd3 Qxd3 19. exd3 Re8+ 20. Kf2 Ng4+ 21. Kf3 f5 22. h3 Nf6 23. Bd2 g6 24. Nb5 Nc7 25.
Bc3 Nxb5 26. cxb5 Bg7 27. Kf2 Nh5 28. Bxg7 Nxg7 29. Rae1 Kd7 30. Bf3 Rxe1 31. Kxe1 Ne8 32. Kf2 Nf6 33. Kg3 Re8 34. Kf2 Ke7 35. Rc1 b6 36. b4 Kf7 37. bxc5 dxc5 38. a4 Rd8 39. a5 Nxd5 40. axb6 axb6 41. Bxd5+ Rxd5 42. Ke3 Rd4 43. Ra1 Rb4 44. Ra7+ Kf6 45. Rd7 Rxb5 46. Rd6+ Kf7 47. Rd7+ Ke6 48. Rg7 Kf6 49. Rc7 Rb4 50. Rc6+ Kg7 51.
h4 Rb3 52. Kd2 Kh6 53. Rd6 Rb4 54. Ke3 Kh5 55. Rc6 Rb1 56. Kd2 Rb2+ 57. Ke3 Rb4 58. Rd6 Kh6 59. Rc6 Kh5 60. Rd6 c4 61. dxc4 Rxc4 62.
Rxb6 Rc3+ 63. Kf2 Rh3 64. Kg2 Rxh4 65. Kg3 Rg4+ 66. Kf3 Rg1 67. Rb8 Rf1+ 68. Kg2 Rxf4 69. Kg3 Kg5 70. Rh8 Rg4+ 71. Kh3 Rf4 72. Ra8 Rf3+ 73.
Kg2 Kg4 74. Ra4+ f4 75. Ra5 Rg3+ 76. Kf2 g5 77. Rb5 Rf3+ 78. Kg2 Ra3 79. Rb2 Kh4 80.
Kh2 g4 81. Kg2 g3 82. Rb4 Ra2+ 83. Kg1 Kg4 84. Rc4 Kh3 85. Rxf4 Ra1+ 86. Rf1 Rxf1+ 87.
Kxf1 Kh2 88. Ke2 g2 0-1

[Event "*** Titled Tuesday Blitz"]
[Site "Chess.com"]
[Date "2020.05.19"]
[Round "9"]
[White "Machidon"]
[Black "hypert"]
[Result "1-0"]
[WhiteElo "2533"]
[BlackElo "2367"]
[TimeControl "180+1"]
[EndTime "13:48:59 PDT"]
[Termination "Machidon won on time"]

1. d4 d5 2. Nf3 e6 3. Bf4 Bd6 4. Bg3 Nf6 5. e3 b6 6. Bb5+ c6 7.
Bd3 Ba6 8. Bxa6 Nxa6 9. O-O Bxg3 10. hxg3 O-O 11. Nbd2 c5 12. c3 Nc7 13. Qe2 Nce8 14.
e4 Nxe4 15. Nxe4 dxe4 16. Qxe4 Nf6 17. Qe2 Qc7 18. Rad1 Rfd8 19. Rd3 cxd4 20. Nxd4 e5 21. Nb5 Qc5 22. b4 Qe7 23. Rfd1 Rxd3 24. Qxd3 h6 25. Nd6 Rd8 26. Nf5 Rxd3 27. Nxe7+ Kf8 28. Ng6+ fxg6 29. Rxd3 Ke7 30. f3 g5 31. Kf2 g4 32. c4 h5 33. Ke3 g5 34. c5 bxc5 35. bxc5 h4 36. gxh4 gxh4 37. c6 h3 38. gxh3 gxh3 39. c7 h2 40. Rd1 Nd5+ 41. Kf2 Nxc7 42. Rh1 Kd6 43. Rxh2 a5 44. Ke3 Kd5 45. Rd2+ Ke6 46. Rc2 Nd5+ 47. Ke4 Nf6+ 48. Kd3 Kd5 49. Rb2 e4+ 50. fxe4+ Nxe4 51. Rb5+ Nc5+ 52. Kc3 Kc6 53. Kc4 Nb7 54. Rh5 Nd6+ 55. Kb3 Nb5 56. a4 Nd4+ 57. Kc4 Nc2 58. Rh6+ Kb7 59. Kb5 Nd4+ 60. Kxa5 Nc6+ 61. Kb5 Nd4+ 62. Kc5 Nb3+ 63. Kb4 Nd4 64. a5 Nc6+ 65. Kb5 Nd4+ 66. Kc4 Nc6 67. Kb5 Nd4+ 68. Ka4 Nc6 69. Rg6 Na7 70. Rb6+ Ka8 71. Kb4 Nc8 72. Rc6 Na7 73.
Rc7 Kb8 74. Rc1 Kb7 75. Kc5 Ka6 76. Rg1 1-0

[Event "*** Titled Tuesday Blitz"]
[Site "Chess.com"]
[Date "2020.05.19"]
[Round "9"]
[White "Andreikka"]
[Black "Gabrielian_Artur"]
[Result "0-1"]
[WhiteElo "2937"]
[BlackElo "2740"]
[TimeControl "180+1"]
[EndTime "13:49:03 PDT"]
[Termination "Gabrielian_Artur won on time"]

1. b3 Nf6 2. Bb2 g6 3. Nc3 Bg7 4. Nd5 O-O 5. Nxf6+ exf6 6. Nf3 d5 7. e3 c5 8. c4 d4 9. exd4 f5 10. Be2 cxd4 11. d3 Nc6 12. O-O Re8 13. a3 a5 14.
Bc1 Qb6 15. Bd2 Bd7 16. Re1 Qc5 17. Qc2 b5 18. Bf1 bxc4 19. bxc4 a4 20. Reb1 Ne5 21. Nxe5 Bxe5 22. Rb7 Qc8 23. Rbb1 Qc7 24. h3 Bc6 25. Re1 Rab8 26. Bb4 Bd6 27. Rxe8+ Rxe8 28. Qd2 Bh2+ 29. Kh1 Bf4 30. Qd1 h5 31. Ra2 h4 32. Re2 Re6 33. Re1 Qd7 34. Kg1 Bb8 35. Rxe6 fxe6 36. Qe2 Kf7 37.
Bd2 e5 38. Bg5 e4 39. dxe4 fxe4 40. Bxh4 d3 41. Qd2 Qd4 42. Qh6 Be5 43. Qh7+ Bg7 44. Bg5 d2 45. Bxd2 Qxd2 46. Qh4 Qd4 47. Qf4+ Bf6 48.
Qc7+ Qd7 49. Qa5 Bd4 50. c5 Kg7 51. Qb4 Qd5 52. Qb8 Qxc5 53. Qc7+ Kf6 54. Qf4+ Ke7 55. Qh4+ Kd7 56. Qh7+ Kd8 57. Qxg6 Bxf2+ 58. Kh1 Bd4 59. Qg8+ Kc7 60. Qh7+ Kb6 61. Qh6 e3 62. Qf4 Qe5 63.
Qf8 Bc5 64. Qd8+ Qc7 65. Qd3 Qf4 66. Qa6+ Kc7 67. Qa5+ Bb6 68. Qe1 Qf2 69. Qd1 Qg3 70. Qh5 Qf2 71. Qd1 Kb7 72. Qe2 Bc7 73. Qa6+ Kb8 74. Qc4 Bg3 75. Qb4+ Kc7 76. Qa5+ Kd7 77. Qa7+ Ke6 78. Bc4+ Ke5 79. Qc7+ Kd4 80. Qxc6 Qe1+ 0-1

[Event "*** Titled Tuesday Blitz"]
[Site "Chess.com"]
[Date "2020.05.19"]
[Round "9"]
[White "Twitch_ElhamBlitz05"]
[Black "Baby_Shak"]
[Result "1-0"]
[WhiteElo "2778"]
[BlackElo "2627"]
[TimeControl "180+1"]
[EndTime "13:49:21 PDT"]
[Termination "Twitch_ElhamBlitz05 won by checkmate"]

1. e4 e5 2. Nc3 Nf6 3. Bc4 Nc6 4. d3 Be7 5. f4 d6 6. Nf3 Bg4 7. O-O Nd4 8. fxe5 Bxf3 9. gxf3 dxe5 10. f4 Bd6 11. f5 Qd7 12. Ne2 Bc5 13. Kh1 O-O-O 14. Nxd4 Bxd4 15. Qe2 h6 16. Be3 Bxe3 17. Qxe3 Kb8 18.
a4 Nh5 19. a5 Nf4 20. a6 b6 21. Rg1 g6 22. fxg6 fxg6 23. Raf1 g5 24. Qf3 Rhf8 25. Qg4 Qd4 26. c3 Qd6 27. Rf3 Rf6 28. Rgf1 Rdf8 29.
Qg1 Qc6 30. Qe3 g4 31. R3f2 h5 32. Qg3 Qc5 33. b4 Qd6 34. Qe3 Qc6 35. b5 Qd6 36. d4 h4 37. d5 g3 38. hxg3 hxg3 39. Qxg3 Rh6+ 40. Rh2 Rg6 41. Qf3 Rfg8 42. Bb3 Qc5 43.
Qf2 Qxc3 44. Bd1 Qc4 45. Bf3 Qxb5 46. Re1 Nd3 47. Qf1 Nxe1 48. Qxe1 Rg1+ 49. Qxg1 Rxg1+ 50. Kxg1 Qxa6 51. Bg4 Qa1+ 52. Kg2 Qb2+ 53. Kg3 Qc3+ 54. Kh4 Kb7 55. Kg5 b5 56. Bd7 b4 57. Bc6+ Kb6 58.
Rh8 Qg3+ 59. Kf5 Qf4+ 60. Ke6 Qxe4 61. Rb8+ Ka6 62. Kd7 Qf5+ 63. Kxc7 Qf7+ 64. Kd6 e4 65. Rc8 Qf4+ 66. Kd7 Qf7+ 67. Kd6 Qf6+ 68. Kc7 e3 69. d6 e2 70. Re8 Qf7+ 71. d7 b3 72. Kc8 Qf5 73. Kc7 Qf4+ 74. Kc8 Qf5 75. Re4 e1=Q 76.
Rxe1 Qa5 77. d8=Q Qf5+ 78. Qd7 Qf8+ 79. Kc7 Qf5 80. Qd6 Qf7+ 81. Bd7+ Ka5 82. Ra1# 1-0

[Event "*** Titled Tuesday Blitz"]
[Site "Chess.com"]
[Date "2020.05.19"]
[Round "10"]
[White "vova-79"]
[Black "Kapibara_Warri0r"]
[Result "1-0"]
[WhiteElo "2382"]
[BlackElo "2071"]
[TimeControl "180+1"]
[EndTime "13:51:43 PDT"]
[Termination "vova-79 won by resignation"]

1. d4 Nf6 2. Nf3 g6 3. Bf4 Bg7 4. e3 d6 5. Be2 O-O 6. O-O Nbd7 7. h3 b6 8. c4 Qe8 9. Bh2 e5 10. Nc3 Bb7 11. Nb5 a6 12. Nxc7 1-0

[Event "*** Titled Tuesday Blitz"]
[Site "Chess.com"]
[Date "2020.05.19"]
[Round "10"]
[White "MilanJeremic"]
[Black "DivyaDeshmukh23"]
[Result "0-1"]
[WhiteElo "2285"]
[BlackElo "2448"]
[TimeControl "180+1"]
[EndTime "13:52:11 PDT"]
[Termination "DivyaDeshmukh23 won by resignation"]

1. d4 Nf6 2. Nf3 e6 3. g3 d5 4. Bg2 Be7 5. O-O O-O 6. b3 c6 7. Bb2 b6 8. c4 Bb7 9. Nc3 a5 10. Rc1 Nbd7 11. Re1 Qc7 12. e4 dxe4 13. Nxe4 Nxe4 14.
Rxe4 c5 15. Rg4 Nf6 16. Rf4 cxd4 17. Bxd4 Rad8 18. Qe2 Nh5 19. Rg4 Nf6 20. Bxf6 Bxf6 21.
h4 e5 22. Ng5 Bxg2 23. Kxg2 Qc6+ 24. Qe4 Qxe4+ 25. Nxe4 Be7 26. Rc2 f5 0-1

[Event "*** Titled Tuesday Blitz"]
[Site "Chess.com"]
[Date "2020.05.19"]
[Round "10"]
[White "rogapa"]
[Black "Alexander_Moskalenko"]
[Result "1-0"]
[WhiteElo "2722"]
[BlackElo "2814"]
[TimeControl "180+1"]
[EndTime "13:52:28 PDT"]
[Termination "rogapa won by resignation"]

1. e4 e6 2. d4 d5 3. Nc3 Bb4 4. e5 Ne7 5. a3 Bxc3+ 6. bxc3 b6 7. Qg4 O-O 8. Nf3 Ba6 9. Bxa6 Nxa6 10. a4 c5 11. O-O Rc8 12. Bg5 cxd4 13. Bf6 g6 14.
Qg5 Re8 15. g4 Nc5 16. Qh6 Nf5 17. gxf5 Qxf6 18. exf6 1-0

[Event "*** Titled Tuesday Blitz"]
[Site "Chess.com"]
[Date "2020.05.19"]
[Round "10"]
[White "mirandamikadze"]
[Black "Hippotaner"]
[Result "0-1"]
[WhiteElo "2018"]
[BlackElo "2314"]
[TimeControl "180+1"]
[EndTime "13:52:31 PDT"]
[Termination "Hippotaner won by resignation"]

1. e4 c5 2. c3 Nf6 3. e5 Nd5 4. d4 cxd4 5. cxd4 e6 6. Nf3 d6 7. a3 Nc6 8. Bd3 Be7 9. O-O dxe5 10. Qe2 exd4 11. Rd1 O-O 12. b4 Bf6 13. b5 Na5 14. Bb2 Nb3 15. Bxh7+ Kxh7 16. Qd3+ g6 17.
Qxb3 e5 18. Nbd2 Be6 19. Ne4 Nc3 20. Qxc3 dxc3 21. Rxd8 cxb2 22. Nxf6+ Kg7 23. Rb1 Rfxd8 24. Ne4 Ba2 0-1

[Event "*** Titled Tuesday Blitz"]
[Site "Chess.com"]
[Date "2020.05.19"]
[Round "10"]
[White "ljuks68"]
[Black "tomozupan"]
[Result "1-0"]
[WhiteElo "2342"]
[BlackElo "2191"]
[TimeControl "180+1"]
[EndTime "13:52:41 PDT"]
[Termination "ljuks68 won by resignation"]

1. e4 e5 2. Nf3 Nc6 3. Bb5 Nge7 4. d4 exd4 5. Nxd4 g6 6. Nxc6 Nxc6 7. h4 Bg7 8. Bg5 f6 9. Be3 Qe7 10. Nc3 O-O 11. Bc4+ Kh8 12. h5 Ne5 13. Bb3 f5 14.
hxg6 Nxg6 15. Qh5 Bxc3+ 16. bxc3 d6 17. Qxg6 1-0

[Event "*** Titled Tuesday Blitz"]
[Site "Chess.com"]
[Date "2020.05.19"]
[Round "10"]
[White "Ana_Berke"]
[Black "CMS13"]
[Result "1-0"]
[WhiteElo "2118"]
[BlackElo "2184"]
[TimeControl "180+1"]
[EndTime "13:52:46 PDT"]
[Termination "Ana_Berke won by resignation"]

1. e4 e5 2. Nf3 Nc6 3. Nc3 Nf6 4.
Bb5 Bc5 5. Nxe5 Nxe5 6. d4 Bd6 7. f4 Nc6 8. e5 Bb4 9. exf6 Qxf6 10. Qe2+ Ne7 11. a3 Bxc3+ 12. bxc3 c6 13. Bd3 d5 14. O-O O-O 15. f5 Bd7 16. a4 Rfe8 17. Qf3 Nc8 18.
Bf4 Nd6 19. Be5 Rxe5 20. dxe5 Qxe5 21. f6 g6 22. Rae1 Qxc3 23. Qf4 Bf5 24. Qxd6 1-0

[Event "*** Titled Tuesday Blitz"]
[Site "Chess.com"]
[Date "2020.05.19"]
[Round "10"]
[White "amiralfio"]
[Black "GMartin_Petrov"]
[Result "0-1"]
[WhiteElo "2449"]
[BlackElo "2604"]
[TimeControl "180+1"]
[EndTime "13:52:51 PDT"]
[Termination "GMartin_Petrov won by resignation"]

1. d4 Nf6 2. Bf4 e6 3. e3 d5 4. Nf3 Bd6 5. Bg3 O-O 6. Nbd2 c5 7. c3 b6 8. Ne5 Bb7 9. Bd3 Nc6 10. f4 Ne7 11. O-O Nf5 12. Bf2 Ne4 13. Nxe4 dxe4 14. Be2 cxd4 15. cxd4 Rc8 16. g4 Ne7 17. Qa4 Bd5 18. Rac1 f6 19. Nc4 Bb8 20. Nd2 Qd6 0-1

[Event "*** Titled Tuesday Blitz"]
[Site "Chess.com"]
[Date "2020.05.19"]
[Round "10"]
[White "frankshar"]
[Black "Vesper2018"]
[Result "0-1"]
[WhiteElo "2366"]
[BlackElo "2281"]
[TimeControl "180+1"]
[EndTime "13:52:51 PDT"]
[Termination "Vesper2018 won by resignation"]

1. d4 Nf6 2. c4 g6 3. Nc3 Bg7 4. e4 d6 5. Nf3 O-O 6. Be2 e5 7. dxe5 dxe5 8. O-O c6 9. Qc2 Qe7 10. a3 a5 11. Rd1 Na6 12. Be3 Nc5 13. b4 axb4 14. axb4 Rxa1 15. Rxa1 Ne6 16. c5 Ng4 17. Bg5 Nxg5 0-1

[Event "*** Titled Tuesday Blitz"]
[Site "Chess.com"]
[Date "2020.05.19"]
[Round "10"]
[White "VaKukl"]
[Black "vinniethepooh"]
[Result "0-1"]
[WhiteElo "2385"]
[BlackElo "2535"]
[TimeControl "180+1"]
[EndTime "13:52:55 PDT"]
[Termination "vinniethepooh won by resignation"]

1. e4 c5 2. Nc3 d6 3. g3 Nc6 4. Bg2 g6 5. d3 Bg7 6. Be3 e6 7. Qd2 Nge7 8. Bh6 O-O 9. h4 Bxh6 10. Qxh6 f6 11. Qd2 h5 12. f4 Kg7 13. Nf3 e5 14. O-O-O Be6 15. Bh3 Qd7 16. Bxe6 Qxe6 17. Rdg1 b5 18. f5 gxf5 19. exf5 Nxf5 20. g4 hxg4 21. Rxg4+ Kf7 22. Nxb5 Qxa2 23. Nc3 Qa1+ 24. Nb1 Rab8 25. c3 Na5 26. Qc2 Nb3+ 27. Kd1 Ne3+ 0-1

[Event "*** Titled Tuesday Blitz"]
[Site "Chess.com"]
[Date "2020.05.19"]
[Round "10"]
[White "elohunter1999"]
[Black "Justinz"]
[Result "1-0"]
[WhiteElo "2527"]
[BlackElo "2309"]
[TimeControl "180+1"]
[EndTime "13:52:57 PDT"]
[Termination "elohunter1999 won by checkmate"]

1. e4 c5 2. Nf3 d6 3. d4 cxd4 4.
Nxd4 Nf6 5. Nc3 a6 6. h3 e6 7. g4 Nfd7 8. g5 Be7 9. h4 Qc7 10. Be3 Nc6 11. f4 b5 12. Nxc6 Qxc6 13. Qd4 O-O 14.
O-O-O Bb7 15. h5 e5 16. Qd2 exf4 17. Bxf4 Rfd8 18. Nd5 Bf8 19. g6 Ne5 20. gxf7+ Nxf7 21. h6 g6 22. Qd4 Ne5 23. Bxe5 dxe5 24. Qxe5 Rd6 25.
Ne7+ Bxe7 26. Qg7# 1-0

[Event "*** Titled Tuesday Blitz"]
[Site "Chess.com"]
[Date "2020.05.19"]
[Round "10"]
[White "ChessicallyInclined"]
[Black "KanseiMigatte"]
[Result "0-1"]
[WhiteElo "2495"]
[BlackElo "2411"]
[TimeControl "180+1"]
[EndTime "13:53:03 PDT"]
[Termination "KanseiMigatte won by resignation"]

1. d4 e6 2. c4 d5 3. Nc3 Nf6 4.
cxd5 exd5 5. Bg5 Be7 6. Qc2 h6 7. Bh4 c6 8. e3 O-O 9. Bd3 Ne8 10. Bxe7 Qxe7 11. Nxd5 cxd5 12. Qxc8 Nc6 13. Qf5 g6 14. Qxd5 Nf6 15. Qc4 Rac8 16. Ne2 Nb4 17. Qb3 Nxd3+ 18.
Qxd3 Qb4+ 19. Kf1 Qxb2 20. Rb1 Qxa2 21. Rxb7 a5 22. g3 Qd5 0-1

[Event "*** Titled Tuesday Blitz"]
[Site "Chess.com"]
[Date "2020.05.19"]
[Round "10"]
[White "Caterpiller35"]
[Black "Grootneus"]
[Result "1-0"]
[WhiteElo "2369"]
[BlackElo "2230"]
[TimeControl "180+1"]
[EndTime "13:53:11 PDT"]
[Termination "Caterpiller35 won by resignation"]

1. d4 d5 2. Bf4 Nf6 3. e3 e6 4.
Nd2 Bd6 5. Bg5 b6 6. f4 h6 7. Bxf6 Qxf6 8. Ngf3 c5 9. c3 cxd4 10. cxd4 O-O 11. Rc1 Ba6 12. Bxa6 Nxa6 13. Qe2 Nc7 14. O-O Rac8 15. Ne5 Rfd8 16. Rc6 Ne8 17. Rfc1 Rxc6 18. Rxc6 Bb4 19. Ndf3 Nd6 20. a3 Ba5 21. b4 Qf5 22.
Qc2 1-0

[Event "*** Titled Tuesday Blitz"]
[Site "Chess.com"]
[Date "2020.05.19"]
[Round "10"]
[White "Kobalia"]
[Black "FairChess_on_YouTube"]
[Result "0-1"]
[WhiteElo "2807"]
[BlackElo "3023"]
[TimeControl "180+1"]
[EndTime "13:53:16 PDT"]
[Termination "FairChess_on_YouTube won by resignation"]

1. e4 a6 2. d4 b5 3. Nf3 Bb7 4. Bd3 e6 5. O-O c5 6. c3 d5 7. Re1 dxe4 8. Bxe4 Bxe4 9. Rxe4 Nf6 10. Re1 Nc6 11.
dxc5 Bxc5 12. Qxd8+ Rxd8 13. a4 Ng4 14. Be3 Nxe3 15. fxe3 b4 16. Nbd2 bxc3 17. bxc3 Rd3 18. Kf2 Rxc3 19. Rac1 Bxe3+ 20. Ke2 Bxd2 21. Kxd2 Rxc1 22.
Rxc1 Kd7 23. Ng5 Ne5 24. Rc5 f6 25. Ne4 Rb8 26. Rc2 a5 27. Rc5 Rb4 28. Nc3 Rb2+ 29. Kc1 Nd3+ 0-1

[Event "*** Titled Tuesday Blitz"]
[Site "Chess.com"]
[Date "2020.05.19"]
[Round "10"]
[White "Shivagami"]
[Black "Anna_Ko_Rnd"]
[Result "1-0"]
[WhiteElo "2172"]
[BlackElo "1666"]
[TimeControl "180+1"]
[EndTime "13:53:20 PDT"]
[Termination "Shivagami won by checkmate"]

1. d4 Nf6 2. c4 e6 3. Nc3 Bb4 4. f3 d5 5. cxd5 exd5 6. a3 Bxc3+ 7. bxc3 O-O 8. Bg5 h6 9. Bh4 Qd6 10. e3 Be6 11. Bd3 c5 12. Ne2 cxd4 13. Nxd4 Nbd7 14. O-O Ne5 15. Bxf6 gxf6 16. Bf5 Rac8 17. f4 Ng6 18. Nxe6 fxe6 19. Bxg6 Qc5 20. Qg4 Qxe3+ 21. Kh1 Kh8 22. Rae1 Qxc3 23. Rxe6 Qxa3 24. Qh5 Kg7 25. Bf5 Rc1 26. Qg6+ Kh8 27. Qh7# 1-0

[Event "*** Titled Tuesday Blitz"]
[Site "Chess.com"]
[Date "2020.05.19"]
[Round "10"]
[White "lolo9292"]
[Black "davidkalashian"]
[Result "0-1"]
[WhiteElo "2526"]
[BlackElo "2623"]
[TimeControl "180+1"]
[EndTime "13:53:24 PDT"]
[Termination "davidkalashian won by resignation"]

1. d4 Nf6 2. c4 g6 3. f3 Bg7 4. e4 O-O 5. Ne2 d6 6. Nbc3 e5 7. d5 Ne8 8. g4 f5 9. g5 fxe4 10.
fxe4 Bg4 11. Be3 Nd7 12. Qd2 Nc5 13. b4 Bf3 14. Ng3 Bxh1 15. Nxh1 Nd7 16. Bh3 a5 17. Ng3 axb4 18. Nb5 Nc5 19. O-O-O b3 20. Bxc5 Rxa2 21. Qd3 dxc5 22. Qxb3 Rff2 23. Nc3 Qxg5+ 24. Kb1 Rab2+ 25. Qxb2 Rxb2+ 26. Kxb2 Nd6 27. Be6+ Kh8 28. Kb3 h5 29. Nge2 Qe3 30. Kc2 Nxe4 31. Rd3 Qf2 32. Nxe4 Qxe2+ 33. Nd2 e4 34. Ra3 Bh6 35. Ra8+ Kh7 0-1

[Event "*** Titled Tuesday Blitz"]
[Site "Chess.com"]
[Date "2020.05.19"]
[Round "10"]
[White "Hasangatin_Ramil"]
[Black "ramses135"]
[Result "1-0"]
[WhiteElo "2599"]
[BlackElo "2511"]
[TimeControl "180+1"]
[EndTime "13:53:24 PDT"]
[Termination "Hasangatin_Ramil won by resignation"]

1. e4 e5 2. Nf3 Nc6 3. Bb5 Nge7 4. c3 a6 5. Bc4 d5 6. exd5 Na5 7. Qa4+ c6 8. d6 b5 9. dxe7 Bxe7 10. Bxf7+ Kxf7 11. Nxe5+ Kg8 12. Qe4 Bf6 13. d4 Be6 14. Nxc6 Qd7 15. Nxa5 Bd5 16. Qf4 Re8+ 17. Be3 1-0

[Event "*** Titled Tuesday Blitz"]
[Site "Chess.com"]
[Date "2020.05.19"]
[Round "10"]
[White "stolencandy13"]
[Black "Supernotar"]
[Result "1-0"]
[WhiteElo "2568"]
[BlackElo "2653"]
[TimeControl "180+1"]
[EndTime "13:53:25 PDT"]
[Termination "stolencandy13 won by resignation"]

1. e4 c6 2. d4 d5 3. e5 Bf5 4. h4 h5 5. Bd3 Bxd3 6. Qxd3 e6 7.
Bg5 Be7 8. Nf3 Bxg5 9. Nxg5 Ne7 10. Nd2 Nf5 11. Nf1 Nxh4 12. Qg3 Nf5 13. Qf4 Qb6 14. O-O-O Rh6 15. Ng3 Qc7 16. Nxh5 Rg6 17. g4 Nh6 18.
Nxg7+ Rxg7 19. Rxh6 Nd7 20. Rh8+ Nf8 21. Rxf8+ Kxf8 22. Nxe6+ 1-0

[Event "*** Titled Tuesday Blitz"]
[Site "Chess.com"]
[Date "2020.05.19"]
[Round "10"]
[White "BanjoKazooieN64"]
[Black "adricalderon8"]
[Result "0-1"]
[WhiteElo "2538"]
[BlackElo "2449"]
[TimeControl "180+1"]
[EndTime "13:53:31 PDT"]
[Termination "adricalderon8 won by resignation"]

1. e4 c5 2. d4 cxd4 3. c3 d3 4. Bxd3 Nc6 5. Nf3 g6 6. O-O Bg7 7. Re1 d6 8. Bf4 Nf6 9. e5 dxe5 10. Nxe5 Nxe5 11. Bxe5 O-O 12. Bc2 Be6 13. Nd2 Qb6 14.
Bb3 Bxb3 15. Qxb3 Rfd8 16. Qxb6 axb6 17. Nb3 Ra4 18. a3 e6 19. Rad1 Raa8 20. f3 h5 21.
Rxd8+ Rxd8 22. Bc7 Rd5 23. Nd4 Nd7 24. Re4 b5 25. Kf2 Nc5 26. Re2 Bxd4+ 27. cxd4 Nb3 28.
Re5 Nxd4 29. Rxd5 exd5 30. Ke3 Nc6 31. Kf4 f6 32. g4 Kf7 33. gxh5 gxh5 34. Kf5 Nd4+ 35. Kf4 Ne6+ 0-1

[Event "*** Titled Tuesday Blitz"]
[Site "Chess.com"]
[Date "2020.05.19"]
[Round "10"]
[White "PIwan"]
[Black "RobPeresian"]
[Result "1-0"]
[WhiteElo "2509"]
[BlackElo "2310"]
[TimeControl "180+1"]
[EndTime "13:53:32 PDT"]
[Termination "PIwan won by resignation"]

1. c4 c6 2. e4 d5 3. exd5 cxd5 4. cxd5 Nf6 5. Nc3 Nxd5 6. Nf3 Nc6 7. d4 e6 8. Bd3 Be7 9. O-O O-O 10. Re1 g6 11.
Bh6 Re8 12. a3 b6 13. Nxd5 Qxd5 14. Be4 Qd6 15. Ne5 Bb7 16. Bf4 Nxe5 17. Bxb7 Rad8 18. Bxe5 1-0

[Event "*** Titled Tuesday Blitz"]
[Site "Chess.com"]
[Date "2020.05.19"]
[Round "10"]
[White "cukus"]
[Black "crazy_but_lazy"]
[Result "1-0"]
[WhiteElo "2493"]
[BlackElo "2358"]
[TimeControl "180+1"]
[EndTime "13:53:38 PDT"]
[Termination "cukus won by resignation"]

1. e4 e6 2. d4 d5 3. Nc3 Nf6 4. e5 Nfd7 5. f4 c5 6. Nf3 a6 7. Be3 Qb6 8. a3 Qa7 9. Qd2 Nc6 10. Be2 cxd4 11. Nxd4 Nxd4 12. Bxd4 Bc5 13. Rd1 O-O 14. b4 Bxd4 15. Qxd4 Qxd4 16. Rxd4 a5 17. Kd2 b6 18. b5 Bb7 19. Bd3 Rac8 20. f5 Nxe5 21. Re1 Nxd3 22.
cxd3 Rfe8 23. Na4 e5 24. Rg4 f6 25. Nxb6 Rc5 26. Nd7 Rec8 27. Nxc5 Rxc5 28. Rc1 1-0

[Event "*** Titled Tuesday Blitz"]
[Site "Chess.com"]
[Date "2020.05.19"]
[Round "10"]
[White "Salem-AR"]
[Black "Paralinch"]
[Result "1-0"]
[WhiteElo "3047"]
[BlackElo "2873"]
[TimeControl "180+1"]
[EndTime "13:53:40 PDT"]
[Termination "Salem-AR won by resignation"]

1. d4 d5 2. c4 dxc4 3. Nf3 a6 4. e4 b5 5. Nc3 Bb7 6. a4 b4 7. Bxc4 e6 8. Qb3 Nc6 9. a5 Nxd4 10.
Nxd4 Qxd4 11. Be3 Qd7 12. f3 Nf6 13. O-O Be7 14. Rfd1 Qc8 15. Na4 O-O 16. Nc5 Bc6 17. Nxe6 h6 18. Rac1 Re8 19. Nf4 Rf8 20. Ng6 Qe8 21.
Nxf8 Ba4 22. Bxf7+ Kxf8 23. Bxe8 Bxb3 24. Bc6 Rb8 25.
Rd3 Be6 26. Ba7 Rc8 27. Bb7 Re8 28. Rxc7 1-0